Map: Terrasses de Prion

Players

Worming - Winner!

  • Race: Zerg Zerg
  • League: Diamond

TheCPU

  • Race: Zerg Zerg
  • League: Platinum

VOD

Have the link to the VOD?

Description

Time

  • Played on: Nov. 28, 2015, 6:34 a.m.
  • Length: 4:12
Show
View Real Time Build Order
Export as new Build Order

Worming Zerg - Winner!

Build Orders: Hatch First 

Get SALT Encoding   

  12  0:01  Drone  
  13  0:08  Drone  
  14  0:21  Extractor  
  14  0:22  Drone  
  14  0:23  Drone, Extractor  
  16  0:42  Hatchery  
  15  0:47  Extractor  
  15  0:48  Extractor  
  15  0:49  Drone  
  15  1:04  Spawning Pool  
  15  1:08  Drone, Extractor  
  15  1:17  Overlord  
  15  1:35  Drone x3  
  18  1:46  Drone  
  19  1:51  Queen  
  19  1:52  Metabolic Boost  
  21  2:05  Queen  
  23  2:15  Baneling Nest  
  22  2:16  Drone  
  22  2:20  Drone  
  24  2:23  Zergling x2  
  24  2:27  Drone  
  26  2:32  Overlord  
  26  2:44  Spine Crawler  
  26  2:45  Drone x2  
  26  2:46  Drone  
  28  3:05  Drone x6  
  32  3:12  Zergling x4  
  32  3:23  Zergling x4  
  32  3:24  Overlord  
  32  3:34  Overlord  
  32  3:44  Drone x4  
  32  3:45  Drone x3  
  32  3:48  Extractor  
Show
View Real Time Build Order
Export as new Build Order

TheCPU Zerg 

Build Orders: Hatch First 

Get SALT Encoding   

  12  0:01  Drone  
  13  0:12  Overlord  
  13  0:18  Drone  
  14  0:30  Drone  
  14  0:31  Drone  
  14  0:34  Drone  
  17  0:52  Hatchery  
  17  0:55  Drone  
  17  0:59  Drone  
  18  1:13  Spawning Pool  
  18  1:16  Extractor  
  18  1:17  Drone  
  17  1:20  Drone  
  18  1:29  Drone  
  19  1:38  Overlord  
  19  1:50  Drone  
  20  2:00  Queen  
  22  2:02  Zergling x2  
  22  2:04  Queen  
  22  2:05  Zergling x2  
  26  2:12  Drone  
  27  2:23  Metabolic Boost  
  27  2:24  Drone x2  
  29  2:31  Drone  
  29  2:34  Drone  
  31  2:40  Overlord  
  31  2:50  Overlord  
  31  2:51  Drone  
Tags
 
Add a new tag
Caveats
  • Supply blocks, unpowered buildings, or Contaminate may cause inaccurate times.
  • Supply counts are checked every 10 seconds.